 Dungeon Crawl Stone Soup version 0.30.0-18-gc0e69614cb (webtiles) character file.

Game seed: 4634313759066330206

1085 olmar the Cudgeller (level 8, -11/100 HPs)
             Began as a Gnoll Cinder Acolyte on May 23, 2023.
             Mangled by a fire elemental (12 damage)
             ... created by the fiery vengeance of Ignis
             ... in a bailey.
             The game lasted 00:11:00 (4430 turns).

olmar the Cudgeller (Gnoll Cinder Acolyte)          Turns: 4430, Time: 00:11:01

Health: -11/100    AC:  9    Str: 15    XL:     8   Next: 30%
Magic:  0/14       EV: 12    Int: 17    God:
Gold:   284        SH:  0    Dex:  9    Spells: 13/15 levels left

rFire   . . .        h - +1 mace (protect)
rCold   . . .        (no shield)
rNeg    . . .        b - +0 robe
rPois   +            (no helmet)
rElec   .            (no cloak)
rCorr   .            (no gloves)
SInv    +            (no boots)
Will    +....        r - amulet "Jauxin" {Spirit rPois Int+4 Slay+3 Stlth-} Stlth
                     p - ring of willpower
HPRegen 0.36/turn    x - ring of see invisible
MPRegen 0.14/turn

%: guardian spirit
@: mighty, brilliant, berserking, under a protective aura, hasted, fire
susceptible, very quick
A: fangs 1, strong nose, distributed training
a: no special abilities


You were in a bailey.
You visited 2 branches of the dungeon, and saw 8 of its levels.
You also visited: Bailey.

You collected 284 gold pieces.

Inventory:

Hand Weapons
 a - a -1 mace of flaming
 h - a +1 mace of protection (weapon)
 i - a +1 heavy hand axe
 y - the +3 whip "Ropug" {heavy, rElec rPois rC- Dex+5}
   (You found it on level 5 of the Dungeon)

   Dex:       It affects your dexterity (+5).
   rC:        It makes you vulnerable to cold.
   rElec:     It insulates you from electricity.
   rPois:     It protects you from poison.
Missiles
 v - 6 poisoned darts (quivered)
Armour
 b - a +0 robe (worn)
 e - a +0 cloak
Magical Staves
 c - a staff of cold
Jewellery
 p - a ring of willpower (left hand)
 r - the amulet "Jauxin" (around neck) {Spirit rPois Int+4 Slay+3 Stlth-}
   (You found it on level 4 of the Dungeon)

   [amulet of guardian spirit]

   It causes incoming damage to be divided between your reserves of health and
   magic.
   Int:       It affects your intelligence (+4).
   Slay:      It affects your accuracy & damage with ranged weapons and melee
   (+3).
   rPois:     It protects you from poison.
   Stlth:     It makes you less stealthy.
 x - a ring of see invisible (right hand)
Wands
 j - a wand of flame (20)
 u - a wand of charming (7)
Scrolls
 d - 4 scrolls of teleportation
 g - a scroll of blinking
 k - a scroll of silence {unknown}
 l - a scroll of amnesia {unknown}
 o - a scroll of vulnerability {unknown}
 t - 3 scrolls of noise


   Skills:
 + Level 7.4 Fighting
 + Level 3.2 Short Blades
 + Level 3.2 Long Blades
 + Level 3.2 Axes
 + Level 7.4 Maces & Flails
 + Level 3.2 Polearms
 + Level 3.2 Staves
 + Level 3.2 Ranged Weapons
 + Level 3.2 Throwing
 + Level 3.2 Armour
 + Level 3.2 Dodging
 + Level 3.2 Stealth
 + Level 3.2 Shields
 + Level 3.2 Unarmed Combat
 + Level 4.3 Spellcasting
 + Level 2.6 Conjurations
 + Level 2.6 Hexes
 + Level 2.6 Summonings
 + Level 2.6 Necromancy
 + Level 2.6 Translocations
 + Level 2.6 Transmutations
 + Level 6.1 Fire Magic
 + Level 2.6 Ice Magic
 + Level 2.6 Air Magic
 + Level 2.6 Earth Magic
 + Level 2.6 Poison Magic
 + Level 3.6 Invocations
 + Level 3.2 Evocations


You had 13 spell levels left.
You knew the following spells:

 Your Spells              Type           Power      Damage    Failure   Level
a - Scorch                Fire           72%        2d8       1%          2

Your spell library contained the following spells:

 Spells                   Type           Power      Damage    Failure   Level
 Sandblast                Erth           38%        2d10      4%          1
 Shock                    Conj/Air       76%        1d7       4%          1
 Slow                     Hex            76%        N/A       4%          1
 Passwall                 Tmut/Erth      15%        N/A       8%          2
 Ignite Poison            Fire/Tmut/Pois 25%        N/A       10%         3
 Confusing Touch          Hex            19%        N/A       16%         3
 Stone Arrow              Conj/Erth      38%        3d9       16%         3
 Swiftness                Air            19%        N/A       16%         3
 Vampiric Draining        Necr           19%        2d7       16%         3
 Sticky Flame             Conj/Fire      28%        2d5       24%         4
 Airstrike                Air            9%         2d(2-18)  45%         4
 Ignition                 Fire           18%        3d7       100%        8


Dungeon Overview and Level Annotations

Branches:
Dungeon (7/15)             Temple (1/1) D:4          Bailey (1/1)

Altars:
Ashenzari
Cheibriados
Elyvilon
Fedhas
Hepliaklqana
Kikubaaqudgha
Makhleb
Nemelex Xobeh
Qazlal
Sif Muna
Trog
Uskayaw
Vehumet
Wu Jian

Shops:
D:2 *


Innate Abilities, Weirdness & Mutations

You have very sharp teeth.
Your uncanny sense of smell can sniff out nearby items.
Your experience applies equally to all skills.


Message History

The fire elemental hits you. The fire elemental burns you!
* * * LOW HITPOINT WARNING * * *
Unknown command.
Save game and exit?
Welcome back, olmar the Gnoll Cinder Acolyte.
Press ? for a list of commands and other information.
Blink to where?
Press: ? - help, Dir - move target
As you read the scroll of blinking, it crumbles to dust.
It was a potion of curing.
You feel better.
It was a potion of haste.
You feel yourself speed up.
Unknown command.
It was a potion of brilliance.
You feel clever all of a sudden.
It was a potion of berserk rage.
A red film seems to cover your vision as you go berserk!
You feel yourself moving faster!
You feel mighty!
You feel a strong urge to attack something.
The fire elemental hits you. The fire elemental burns you!
* * * LOW HITPOINT WARNING * * *
You sock the fire elemental!
Your weapon exudes an aura of protection.
The fire elemental is almost destroyed.
You barely miss the fire elemental.
The fire elemental is almost destroyed.
The fire elemental closely misses you.
You closely miss the fire elemental. Your bite misses the fire elemental.
The fire elemental is severely damaged.
The fire elemental hits you. The fire elemental burns you!
* * * LOW HITPOINT WARNING * * *
The fire elemental barely misses you.
You closely miss the fire elemental. You bite the fire elemental!
You destroy the fire elemental!
That felt strangely unrewarding.
The fire elemental hits you. The fire elemental burns you!
* * * LOW HITPOINT WARNING * * *
You thump the fire elemental!
The fire elemental is moderately damaged.
The fire elemental hits you. The fire elemental burns you!
You die...

##### ##...##
##.....##
##...8...## ♣≈
##.........#
♣≈≈#....@.....#
♣≈≈#..8E.8....+
♣≈≈#........###
♣≈≈##......##
♣...##.....# ∆
♣....##.(..#~!.
♣♣....°#....##8.
♣......(.....#o.
♣∩.∩...'.....#..


You could see a fire elemental.

Vanquished Creatures
  A wyvern (D:7)
  A fire elemental (Bailey)
  A black bear (D:4)
  An ice beast (D:5)
  An ogre (D:5)
  A phantom (D:4)
  A howler monkey (D:5)
  2 hounds
  A jelly (D:5)
  3 orc priests
  2 iguanas
  5 orc wizards
  5 gnolls
  5 adders
  A white imp (D:6)
  7 worms
  2 dart slugs
  8 orcs
  3 bats
  6 endoplasms
  3 giant cockroaches
  A hobgoblin (D:4)
  7 jackals
  4 quokkas
  6 ball pythons
  5 frilled lizards
  9 goblins
  5 kobolds
  4 rats
101 creatures vanquished.

Vanquished Creatures (others)
  A human (D:3)
  A kobold (Bailey)
2 creatures vanquished.

Grand Total: 103 creatures vanquished

Notes
Turn   | Place    | Note
-------+----------+-------------------------------------------
     0 | D:1      | olmar the Gnoll Cinder Acolyte began the quest for the Orb.
     0 | D:1      | Reached XP level 1. HP: 23/23 MP: 4/4
    45 | D:1      | Reached XP level 2. HP: 17/29 MP: 5/5
   404 | D:1      | Reached XP level 3. HP: 32/35 MP: 7/7
   424 | D:1      | Learned a level 2 spell: Scorch
   630 | D:2      | Found Gaghiv's Assorted Antiques.
   722 | D:2      | Reached skill level 1 in Invocations
  1295 | D:2      | Reached skill level 1 in Short Blades
  1295 | D:2      | Reached skill level 1 in Long Blades
  1295 | D:2      | Reached skill level 1 in Axes
  1295 | D:2      | Reached skill level 1 in Polearms
  1295 | D:2      | Reached skill level 1 in Staves
  1295 | D:2      | Reached skill level 1 in Ranged Weapons
  1295 | D:2      | Reached skill level 1 in Throwing
  1295 | D:2      | Reached skill level 1 in Armour
  1295 | D:2      | Reached skill level 1 in Dodging
  1295 | D:2      | Reached skill level 1 in Stealth
  1295 | D:2      | Reached skill level 1 in Shields
  1295 | D:2      | Reached skill level 1 in Unarmed Combat
  1295 | D:2      | Reached skill level 1 in Evocations
  1636 | D:3      | Found a white marble altar of Elyvilon.
  1667 | D:3      | Reached XP level 4. HP: 37/41 MP: 8/8
  1888 | D:3      | Found an ancient bone altar of Kikubaaqudgha.
  1892 | D:3      | Noticed a human
  1894 | D:3      | Killed a human
  1955 | D:3      | Found a faded altar of an unknown god.
  2094 | D:3      | Reached skill level 1 in Conjurations
  2094 | D:3      | Reached skill level 1 in Hexes
  2094 | D:3      | Reached skill level 1 in Summonings
  2094 | D:3      | Reached skill level 1 in Necromancy
  2094 | D:3      | Reached skill level 1 in Translocations
  2094 | D:3      | Reached skill level 1 in Transmutations
  2094 | D:3      | Reached skill level 1 in Ice Magic
  2094 | D:3      | Reached skill level 1 in Air Magic
  2094 | D:3      | Reached skill level 1 in Earth Magic
  2094 | D:3      | Reached skill level 1 in Poison Magic
  2208 | D:4      | Noticed a phantom
  2232 | D:4      | Killed a phantom
  2233 | D:4      | Reached XP level 5. HP: 19/47 MP: 1/9
  2403 | D:4      | Found a staircase to the Ecumenical Temple.
  2419 | Temple   | Entered the Ecumenical Temple
  2540 | D:4      | Identified the amulet "Jauxin" {Spirit rPois Int+4 Slay+3
                  | Stlth-}
  2613 | D:4      | Reached XP level 6. HP: 45/53 MP: 2/11
  2897 | D:4      | Found a hazy altar of Hepliaklqana.
  3143 | D:5      | Entered Level 5 of the Dungeon
  3144 | D:5      | Found a snail-covered altar of Cheibriados.
  3208 | D:5      | Reached XP level 7. HP: 60/60 MP: 7/12
  3675 | D:5      | Found a shimmering blue altar of Sif Muna.
  3686 | D:5      | Fell from the grace of Ignis
  3688 | D:5      | Became a worshipper of Sif Muna the Loreminder
  3689 | D:5      | Fell from the grace of Sif Muna
  3781 | D:5      | Reached XP level 8. HP: 56/67 MP: 11/14
  4175 | D:5      | Found an ornate altar of the Wu Jian Council.
  4201 | D:5      | Identified the +3 whip "Ropug" {heavy, rElec rPois rC-
                  | Dex+5}
  4241 | D:6      | Noticed a two-headed ogre
  4266 | D:7      | Found a blossoming altar of Fedhas.
  4332 | D:7      | Found a flagged portal.
  4333 | D:7      | Noticed a wyvern
  4351 | D:7      | Killed a wyvern
  4378 | Bailey   | Entered a bailey
  4413 | Bailey   | Noticed an orc warlord
  4429 | Bailey   | HP: 1/100 [fire elemental[the fiery vengeance of Ignis]
                  | (12)]
  4430 | Bailey   | Mangled by a fire elemental

Illustrated notes

Levels and vault maps discovered:
D:1:      heliophobic_arrival_henge, layout_rooms
D:2:      layout_basic, serial_shops, shop, nicolae_underground_beach
D:3:      layout_rooms, tgw_kikubaaqudgha, mainiacjoe_overflow_cross_hatched,
          chequers_ecumenical_altar_simple_redux
D:4:      layout_loops_cross, mainiacjoe_overflow_brackets,
          minmay_temple_entry_ruins
D:5:      layout_cave_pools, kennysheep_slug_shrine,
          nicolae_wu_jian_glorious_leap, nicolae_sif_muna_little_library
D:6:      layout_rooms, minitemple
D:7:      minmay_octagon_keep, layout_basic, mainiacjoe_overflow_alcove_4,
          grunt_temple_overflow_open, enter_bailey_2
Temple:   nicolae_temple_great_sept
Bailey:   bailey_axe_bossmonster_kennysheep, bailey

Skill      XL: |  1  2  3  4  5  6  7 |
---------------+----------------------+-----
Invocations    | 1 2 3 |  3.6
Short Blades   | 1 2 3 |  3.2
Long Blades    | 1 2 3 |  3.2
Axes           | 1 2 3 |  3.2
Polearms       | 1 2 3 |  3.2
Staves         | 1 2 3 |  3.2
Ranged Weapons | 1 2 3 |  3.2
Throwing       | 1 2 3 |  3.2
Armour         | 1 2 3 |  3.2
Dodging        | 1 2 3 |  3.2
Stealth        | 1 2 3 |  3.2
Shields        | 1 2 3 |  3.2
Unarmed Combat | 1 2 3 |  3.2
Evocations     | 1 2 3 |  3.2
Spellcasting   | 3 4 |  4.3
Conjurations   | 1 2 |  2.6
Hexes          | 1 2 |  2.6
Summonings     | 1 2 |  2.6
Necromancy     | 1 2 |  2.6
Translocations | 1 2 |  2.6
Transmutations | 1 2 |  2.6
Ice Magic      | 1 2 |  2.6
Air Magic      | 1 2 |  2.6
Earth Magic    | 1 2 |  2.6
Poison Magic   | 1 2 |  2.6
Fighting       | 7 |  7.4
Maces & Flails | 7 |  7.4
Fire Magic     | 6 |  6.1

Action                     |  1- 3 |  4- 6 |  7- 9 || total
---------------------------+-------+-------+-------++-------
  Melee: Mace              |    84 |   110 |    78 ||   272
         Bite              |     6 |    10 |     8 ||    24
         Punch             |       |     3 |     3 ||     6
  Throw: Dart              |       |     4 |     9 ||    13
   Cast: Scorch            |     3 |    18 |    27 ||    48
 Invoke: Fiery Armour      |     1 |       |       ||     1
         Renounce Religion |       |       |     2 ||     2
  Evoke: Wand              |       |       |     1 ||     1
    Use: Potion            |       |     2 |     7 ||     9
         Scroll            |       |       |     9 ||     9
   Stab: Sleeping          |     4 |     2 |       ||     6
 Armour: Robe              |    18 |    17 |    36 ||    71
         Skin              |       |    66 |       ||    66
  Dodge: Dodged            |    54 |    62 |    65 ||   181
